Elba, lawful female human Valkyrie --------------------------------- ##-...............................| ----- # |.---- .----- ----+--..----- | |...-#######|.|..|---.| .. |...|#### |.|..|((|.| . |..<+#### |.-|-|((|.| -. |...| #### -....|..|.| |.- |....## |.{..-|--.----- |.. ----- |..........-..| - -----..--- |....-|--..|..| |....P.@@-. |.-+-|..|.----| -..@@| | |.| |..|.|.?.|--- |---@-----.| |.| |---.%.!%|..| |..........| |.| |....|)?*|..| |..|.......| |.----....-----|---------.....{.| |...............................| --------------------------------- Elba the Fighter Experience level: 6 Strength: 18/03 Dexterity: 13 Constitution: 18 Intelligence: 8 Wisdom: 9 Charisma: 7 Health: 0(69) Energy: 14(14) Def: 7 Gold: 638 Moves: 3767 Dungeon seed: 1QX71IzwyuXgrcF- Game ID: Elba_1553690458 Your Inventory: Coins $ - 638 gold pieces Weapons a - the blessed rustproof +2 Excalibur (weapon in hand) b - a +0 dagger (in quiver) p - 10 +0 daggers s - a cursed -1 bow x - 25 blessed +0 arrows Armor e - an uncursed +3 small shield (being worn) y - an uncursed burnt +1 dwarvish cloak (being worn) z - an uncursed +0 pair of iron shoes (being worn) F - an uncursed +0 banded mail Wands B - a wand of fire (0:1) Tools v - an uncursed leash w - an uncursed skeleton key J - an uncursed skeleton key K - a blessed tallow candle (0:200) Gems n - 2 uncursed worthless pieces of yellow glass q - 2 uncursed worthless pieces of green glass G - an uncursed aquamarine stone H - an uncursed worthless piece of violet glass N - an uncursed worthless piece of orange glass Y - 4 uncursed worthless pieces of white glass Spells and supernatural/magical abilities: Name Level Category Fail Memory W - pray for help -- divine ? -- Your skills at the end: Fighting Skills Weapon Skills dagger [Basic] long sword [Skilled] Spellcasting Skills Final Attributes: You were piously aligned. You were cold resistant. You were level-drain resistant. You had automatic searching. You were stealthy. You are dead. Vanquished creatures: a small mimic a bugbear an orc shaman a pony 4 gnome lords 5 gnomish wizards 2 giant ants a kitten 3 dwarves a kobold shaman a monkey 5 dwarf zombies an iguana an acid blob 2 gas spores a hobgoblin a giant rat 2 cave spiders a red mold 18 gnomes a gecko 8 jackals 2 foxes 3 goblins 8 sewer rats 5 grid bugs 2 bats 6 lichens 3 kobold zombies 7 newts 98 creatures vanquished. Voluntary challenges: You had been an atheist until turn 3761. You used a wielded weapon 78 times, starting on turn 20. You read items or engraved 2 times, starting on turn 979. You never genocided any monsters. You never polymorphed an object. You never changed form. You used no wishes. You never split a pudding. You never wrote Elbereth's name. You violated your moral code, losing 13 points of alignment, starting on turn 2486. Dungeon overview: The Dungeons of Doom: levels 1 to 3 Level 1 some fountains a long staircase Level 2 Level 3 a potion shop stairs to The Gnomish Mines The Gnomish Mines: levels 4 to 6 Level 4 stairs to The Dungeons of Doom Level 5 Level 6 <- You were here some shops, some fountains History has recorded: On T:1 you entered the Dungeons of Doom to retrieve the Amulet of Yendor! On T:674 you advanced to experience level 2. On T:721 you reached level 2 of The Dungeons of Doom. On T:1135 you reached level 3 of The Dungeons of Doom. On T:1305 you advanced to experience level 3. On T:1577 you reached level 1 of The Gnomish Mines. On T:1592 you advanced to experience level 4. On T:1965 you advanced to experience level 5. On T:2948 you reached level 2 of The Gnomish Mines. On T:3104 you advanced to experience level 6. On T:3590 you reached level 3 of The Gnomish Mines. Score breakdown: Gold: 638 ( 9543 points) Experience: 6 levels (12456 points) Exploration: 6 levels ( 12.77%) ( 9890 points) Discoveries: 9 items ( 3.66%) ( 5738 points) Valuables value: (no points given unless you survive) Artifact value: 4000 (12253 points) Variety of kills: 30 monsters ( 7.87%) ( 8418 points) Turncount: 3767 turns ( -936 points) Survival: died (score multiplied by 80%) Total score: 45889 Latest messages: The watchman thrusts his short sword. The watchman hits! The watchman thrusts his dagger. The watchman hits! You miss the watch captain. The watchman thrusts her knife. The watchman hits! The watchman thrusts his short sword. The watchman hits! You miss the watch captain. The watchman thrusts her knife. The watchman hits! The watchman thrusts his dagger. The watchman hits! The watch captain swings his long sword. The watch captain hits! The watch captain swings his long sword. The watch captain hits! You hit the watch captain! The watchman thrusts her knife. The watchman hits! You die... Final status: Farvel Elba the Valkyrie, killed by a watchman... You died in The Gnomish Mines on dungeon level 6 with 45889 points, and 638 pieces of gold, after 3767 moves. You were level 6 with a maximum of 69 hit points when you died.